cohdb
Replays
Latest Replays
All Replays
Popular Replays
Top Player Replays
Match Explorer
How It Works
Community
CoH3 Stats
Reddit
Sign in to upload your games and track your stats! →
Sign in with Steam
Match 45374180
Unlisted
Match 45374180
Overview
Messages
Build Orders
End
Kradschützen Motorcycle Team
Selects Italian Infantry
Selects Italian Infantry
Panzergrenadier Squad
250 Light Carrier
Construct Light Support Kompanie
Selects Defensive Operations
Fire Support Elements
Combat Half-tracks
MG34 Team
2.5-tonne Medical Truck
Pak 38 Mechanized Group
Flakvierling Half-track
Construct Mechanized Kompanie
Selects Prepared Positions
254 Reconnaissance Tractor
Vehicle Survival Package
Marder III Tank Destroyer
Emergency Repair Kits
Selects Propaganda War
Propaganda War
Construct Panzerarmee Kommand
Selects Guastatori Squad
Guastatori Squad
Propaganda War
Selects Registered Artillery
Registered Artillery
Walking Stuka Rocket Launcher
Propaganda War
Registered Artillery
Propaganda War
二营长的意大利面
Silver
浮生、毁你几座春秋
寶兔兔
XUAN ZHUAN
Sayamander 🐉
kyoung5gi
AHNSHI
0
0
Comments
sign in to comment!
No comments posted yet!